 Dungeon Crawl Stone Soup version 0.31-a0-799-g6bc09d010c (webtiles) character file.

Game seed: 6075550888715472776

255 Shayle the Trooper (level 6, -2/93 HPs)
             Began as an Ogre Hexslinger on Sept 19, 2023.
             Slain by a water moccasin (8 damage)
             ... on level 6 of the Dungeon.
             The game lasted 00:04:38 (2521 turns).

Shayle the Trooper (Ogre Hexslinger)                Turns: 2521, Time: 00:04:39

Health: -2/93      AC:  3    Str: 13    XL:     6   Next: 15%
Magic:  10/11      EV: 10    Int: 16    God:
Gold:   99         SH:  0    Dex: 11    Spells: 11/11 levels left

rFire   . . .        p - +2 hand axe (elec)
rCold   . . .        (no shield)
rNeg    . . .        c - +0 robe
rPois   .            (helmet restricted)
rElec   .            (no cloak)
rCorr   .            (gloves unavailable)
SInv    .            (boots unavailable)
Will    .....        (no amulet) Stlth
                     (no ring)
HPRegen 0.35/turn    (no ring)
MPRegen 0.12/turn

%: no passive effects
@: berserking, lethally poisoned (-2 -> -8), very quick
A: large, unfitting armour, tough skin 1
a: no special abilities


You were on level 6 of the Dungeon.
You visited 1 branch of the dungeon, and saw 6 of its levels.

You collected 99 gold pieces.

Inventory:

Hand Weapons
 a - a +2 sling
 p - a +2 hand axe of electrocution (weapon)
Armour
 c - a +0 robe (worn)
Scrolls
 b - a scroll of poison
 e - a scroll of silence {unknown}
 f - 2 scrolls of teleportation
 j - a scroll of enchant weapon
 k - a scroll of fog
 n - a scroll of blinking
 o - a scroll of noise
Potions
 d - a potion of curing {unknown}
 g - 2 potions of enlightenment
 h - a potion of heal wounds {unknown}
 i - a potion of degeneration {unknown}
 l - 2 potions of ambrosia
 m - a potion of berserk rage


   Skills:
 + Level 4.0 Fighting
 - Level 1.3 Ranged Weapons
 + Level 3.1 Dodging
 + Level 3.3 Spellcasting
 - Level 2.6 Hexes
 + Level 2.6 Fire Magic


You had 11 spell levels left.
You didn't know any spells.
Your spell library contained the following spells:

 Spells                   Type           Power      Damage    Failure   Level
 Jinxbite                 Hex            22%        N/A       9%          2
 Ensorcelled Hibernation  Hex/Ice        12%        N/A       16%         2
 Inner Flame              Hex/Fire       11%        N/A       19%         3
 Sigil of Binding         Hex            11%        N/A       19%         3
 Gell's Gravitas          Tloc           2%         N/A       47%         3
 Teleport Other           Tloc           2%         N/A       47%         3
 Cause Fear               Hex            5%         N/A       52%         4
 Anguish                  Hex/Necr       3%         N/A       71%         4
 Dimensional Bullseye     Hex/Tloc       3%         N/A       71%         4
 Dispersal                Tloc           1%         N/A       100%        6


Dungeon Overview and Level Annotations

Branches:
Dungeon (6/15)
 Temple: D:4-7

Altars:
Makhleb


Innate Abilities, Weirdness & Mutations

You are too large for most types of armour.
You have tough skin. (AC +1)


Message History

You hit the hound.
The hound is moderately wounded.
The hound bites you. x2
You hit the hound.
The hound is moderately wounded.
The hound closely misses you. x2
You hit the hound but do no damage.
The hound is moderately wounded.
The hound bites you. The hound bites you but does no damage.
You closely miss the hound.
The hound is moderately wounded.
The hound bites you. The hound bites you but does no damage.
You hit the hound. Lightning courses through the hound!
You kill the hound!
The water moccasin bites you.
Your Fighting skill increases to level 4!
You hit the water moccasin but do no damage.
The water moccasin bites you.
You are poisoned.
The water moccasin poisons you! The water moccasin bites you.
* * * LOW HITPOINT WARNING * * *
You hit the water moccasin but do no damage.
Lightning courses through the water moccasin!!
The water moccasin is severely wounded.
* * * LOW HITPOINT WARNING * * *
You feel very sick.
The water moccasin closely misses you. x2
Unknown command.
It was a potion of berserk rage.
A red film seems to cover your vision as you go berserk!
You feel yourself moving faster!
You feel mighty!
* * * LOW HITPOINT WARNING * * *
You feel very sick. The water moccasin bites you.
* * * LOW HITPOINT WARNING * * *
You completely miss the water moccasin.
The water moccasin is severely wounded.
* * * LOW HITPOINT WARNING * * *
You feel sick. The water moccasin bites you!
You die...

#...........###
###..##.#o###
##...W#.#
###.o..### #
######S#...#
#.##........#.#
........### # #.#
##.####.# #.#
#..@SWo# #.#
#.###### #.# #
..###.# ......
################g.
#.............g...
######.######.....
# #....#.# #.###.
#.#....#.######.#
#.


You could see a water moccasin, a phantom and an orc.

Vanquished Creatures
  A black bear (D:6)
  A hound (D:6)
  A jelly (D:6)
  2 gnolls
  3 adders (D:2)
  8 ball pythons
  6 endoplasms
  3 giant cockroaches
  2 goblins
  3 hobgoblins
  7 jackals
  2 quokkas
  9 bats
  8 kobolds
  6 rats
62 creatures vanquished.

Notes
Turn   | Place    | Note
-------+----------+-------------------------------------------
     0 | D:1      | Shayle the Ogre Hexslinger began the quest for the Orb.
     0 | D:1      | Reached XP level 1. HP: 19/19 MP: 2/2
    48 | D:1      | Reached skill level 1 in Fire Magic
   114 | D:1      | Reached XP level 2. HP: 11/28 MP: 2/4
   229 | D:1      | Reached skill level 2 in Fighting
   480 | D:1      | Reached XP level 3. HP: 35/35 MP: 5/5
  1129 | D:2      | Reached XP level 4. HP: 40/44 MP: 7/7
  1499 | D:3      | Found a faded altar of an unknown god.
  1504 | D:3      | Reached skill level 3 in Fighting
  1983 | D:3      | Noticed a phantom
  2317 | D:5      | Entered Level 5 of the Dungeon
  2356 | D:5      | Found a burning altar of Makhleb.
  2360 | D:5      | You fall into a shaft and drop 1 floor!
  2448 | D:6      | Noticed a gnoll sergeant
  2450 | D:6      | Noticed a gnoll sergeant
  2492 | D:6      | Reached XP level 5. HP: 53/53 MP: 7/9
  2494 | D:6      | Noticed a water moccasin
  2494 | D:6      | Noticed a water moccasin
  2494 | D:6      | Noticed a phantom
  2497 | D:6      | Noticed a black bear
  2509 | D:6      | Killed a black bear
  2510 | D:6      | Reached XP level 6. HP: 43/62 MP: 10/10
  2518 | D:6      | Reached skill level 4 in Fighting
  2521 | D:6      | Slain by a water moccasin

Illustrated notes

Levels and vault maps discovered:
D:1:      dpeg_arrival_signposts, layout_rooms, minivault_19, st_stairs_8,
          hangedman_feature_mirror
D:2:      layout_basic
D:3:      layout_basic, old_standard_altar, ebering_ecumenical_altar_sacrificial
D:4:      layout_loops_ring, mainiacjoe_overflow_cross_hatched,
          kennysheep_little_box, minmay_temple_entry_waves, minmay_ruptured
D:5:      layout_basic, lemuel_round_altar, minmay_misc_feat_four_crosses,
          nicolae_fountain_basement
D:6:      layout_basic, serial_shops, shop, lightli_sewer_entry_pipes,
          nicolae_grassy_gnolls

Skill      XL: |  1  2  3  4  5  6 |
---------------+-------------------+-----
Fire Magic     | 1 2 |  2.6
Dodging        | 2 3 |  3.1
Fighting       | 2 3 4 |  4.0
Spellcasting   | 2 3 |  3.3
Ranged Weapons | |  1.3
Hexes          | |  2.6

Action                     |  1- 3 |  4- 6 || total
---------------------------+-------+-------++-------
  Melee: Hand axe          |       |    33 ||    33
   Fire: Sling             |   130 |    68 ||   198
    Use: Scroll            |     5 |     5 ||    10
         Potion            |       |     1 ||     1
 Armour: Robe              |    41 |    75 ||   116
  Dodge: Dodged            |    40 |    61 ||   101

Table legend: (Time is in decaauts)
 A = Elapsed time spent in this place.
 B = Non-inter-level travel time spent in this place.
 C = Inter-level travel time spent in this place.
 D = Time resting spent in this place.
 E = Time spent auto-exploring this place.
 F = Levels seen in this place.
 G = Mean time per level.
                   A        B        C        D        E       F      G
               +--------+--------+--------+--------+--------+-----+--------+
         Total |   2594 |   2505 |     89 |    162 |   1715 |   6 |  432.3 |
       Dungeon |   2594 |   2505 |     89 |    162 |   1715 |   6 |  432.3 |
               +--------+--------+--------+--------+--------+-----+--------+

Top non-repeatable levels by time:
     D:1: 925 daAuts
     D:3: 689 daAuts
     D:2: 552 daAuts
     D:4: 215 daAuts
     D:6: 165 daAuts
     D:5: 45 daAuts
